 Dungeon Crawl Stone Soup version 0.21-a0-94-gdd6ab6a (webtiles) character file.

500 Gorglomux the Cleaver (level 7, -5/56 HPs)
             Began as a Hill Orc Gladiator on July 1, 2017.
             Was a Follower of Beogh.
             Slain by an orc
             ... wielding a +0 trident
              (9 damage)
             ... on level 4 of the Dungeon.
             The game lasted 00:02:02 (4056 turns).

Gorglomux the Cleaver (Hill Orc Gladiator)          Turns: 4056, Time: 00:02:03

Health: -5/56      AC:  5    Str: 19    XL:     7   Next: 16%
Magic:  7/7        EV: 12    Int:  8    God:    Beogh [*.....]
Gold:   207        SH:  0    Dex: 12    Spells: 6/6 levels left

rFire    . . .     SeeInvis .   a - +0 war axe
rCold    . . .     Gourm    .   (no shield)
rNeg     . . .     Faith    .   b - +0 leather armour
rPois    .         Spirit   .   c - +0 helmet
rElec    .         Reflect  .   I - +0 cloak
rCorr    .         Harm     .   (no gloves)
MR       .....                  (no boots)
Stlth    +.........             (no amulet)
HPRegen  0.18/turn              (no ring)
MPRegen  0.10/turn              (no ring)

@: no status effects
A: no striking features
a: Renounce Religion


You were on level 4 of the Dungeon.
You worshipped Beogh.
Beogh was aware of your devotion.
You were not hungry.

You visited 1 branch of the dungeon, and saw 4 of its levels.

You collected 207 gold pieces.

Inventory:

Hand Weapons
 a - a +0 war axe (weapon)
Missiles
 Z - 3 throwing nets (quivered)
Armour
 b - a +0 leather armour (worn)
 c - a +0 helmet (worn)
 I - a +0 cloak (worn)
Jewellery
 H - an uncursed ring of protection from magic {unknown}
Scrolls
 J - 2 scrolls of teleportation {unknown}
 P - a scroll of magic mapping {unknown}
 R - a scroll of enchant armour {unknown}
 U - 2 scrolls of remove curse {unknown}
 V - 2 scrolls of amnesia {unknown}
 W - 2 scrolls of fog {unknown}
 Y - a scroll of immolation {unknown}
Potions
 F - a potion of invisibility {unknown}
 G - 2 potions of berserk rage {unknown}
 K - a potion of lignification {unknown}
 L - a potion of degeneration {unknown}
 M - 2 potions of curing {unknown}
 N - 3 potions of might {unknown}
 Q - a potion of agility {unknown}
 S - a potion of mutation {unknown}
 T - a potion of haste {unknown}
Books
 O - a book of Misfortune

   Spells                             Type                      Level
   a - Confusing Touch                Hexes                        1
   b - Confuse                        Hexes                        3
   c - Gell's Gravitas                Translocation                3
   d - Petrify                        Transmutation/Earth          4
   e - Metabolic Englaciation         Hexes/Ice                    5
   f - Yara's Violent Unravelling     Hexes/Transmutation          5
Comestibles
 f - 6 bread rations
 z - 2 meat rations
 D - 2 chunks of flesh
 E - a royal jelly
 X - 2 fruits


   Skills:
 - Level 2.4 Fighting
 + Level 10.3 Axes
 - Level 1.7 Throwing
 - Level 2.4 Dodging


You had 6 spell levels left.
You didn't know any spells.

Dungeon Overview and Level Annotations

Branches:
Dungeon (4/15)
 Temple: D:4-7

Altars:
Ashenzari
Cheibriados
Dithmenos
Elyvilon
Gozag
Hepliaklqana
Okawaru
Wu Jian
The Shining One


Message History

The orc hits you with a dagger. The orc hits you but does no damage.
You are too injured to fight recklessly!
You hit something. You hit the orc. x2
You kill the orc!
Beogh accepts your kill. Something hits you but does no damage.
The orc closely misses you.
You miss something. You barely miss the orc. The orc closely misses you.
Something hits you.
* * * LOW HITPOINT WARNING * * *
The orc closely misses you.
You closely miss something. You closely miss the orc.
The orc barely misses you. Something hits you but does no damage.
The orc hits you from afar with a trident.
* * * LOW HITPOINT WARNING * * *
You barely miss something. You hit the orc.
Something hits you but does no damage. The orc hits you with a flail!
* * * LOW HITPOINT WARNING * * *
The orc hits you from afar with a trident!
You die...
Beogh appreciates the orc's killing of a heretic priest.

####.####
#.#.............#
#.#
#########.########.#
#.# ##...## #.#
#.###.....## #.#
#.##.......# ..#
#.##..._...# ...
#.##.....o.#
#..##..){o#
##..##..@# #...##.##
#......# #.#.####
#.### #.# #.# ..


You could see 2 orcs.

Vanquished Creatures
  An ogre (D:4)
  A scorpion (D:4)
  Crazy Yiuf (D:3)
  A hound (D:4)
  4 orc priests
  An orc wizard (D:3)
  A worker ant (D:4)
  5 adders
  An adder skeleton (D:4)
  A worm (D:4)
  3 leopard geckos
  14 orcs
  A ball python (D:2)
  2 giant cockroaches (D:1)
  8 goblins
  7 hobgoblins
  A quokka (D:2)
  7 bats
  6 frilled lizards
  10 kobolds
  7 rats
83 creatures vanquished.

Vanquished Creatures (others)
  A kobold (D:3)
  A rat (D:3)
2 creatures vanquished.

Grand Total: 85 creatures vanquished

Notes
Turn   | Place    | Note
-------+----------+-------------------------------------------
     0 | D:1      | Gorglomux the Hill Orc Gladiator began the quest for the Orb.
     0 | D:1      | Reached XP level 1. HP: 18/18 MP: 1/1
   169 | D:1      | Reached XP level 2. HP: 24/25 MP: 2/2
   238 | D:1      | Reached skill level 5 in Axes
   728 | D:1      | Reached XP level 3. HP: 29/30 MP: 3/3
  1132 | D:2      | You fall through a shaft!
  1204 | D:3      | Reached skill level 6 in Axes
  1211 | D:3      | Reached XP level 4. HP: 26/37 MP: 4/4
  1305 | D:3      | Became a worshipper of Beogh the Brigand
  1652 | D:2      | Reached skill level 7 in Axes
  1950 | D:3      | Reached XP level 5. HP: 27/42 MP: 5/5
  2201 | D:3      | Reached * piety under Beogh
  2201 | D:3      | Reached skill level 8 in Axes
  2389 | D:3      | Found a runed door.
  2609 | D:3      | Found a hazy altar of Hepliaklqana.
  2611 | D:3      | Found an ornate altar of the Wu Jian Council.
  2624 | D:3      | Found a shattered altar of Ashenzari.
  2626 | D:3      | Found a shadowy altar of Dithmenos.
  2640 | D:3      | Found a snail-covered altar of Cheibriados.
  2647 | D:3      | Found an iron altar of Okawaru.
  2651 | D:3      | Found an opulent altar of Gozag.
  2783 | D:3      | Noticed Crazy Yiuf
  2789 | D:3      | Killed Crazy Yiuf
  2789 | D:3      | Reached XP level 6. HP: 20/50 MP: 0/6
  2988 | D:4      | Reached skill level 9 in Axes
  3492 | D:4      | Found a glowing golden altar of the Shining One.
  3985 | D:4      | Reached skill level 10 in Axes
  3985 | D:4      | Reached XP level 7. HP: 56/56 MP: 7/7
  4042 | D:4      | Found a white marble altar of Elyvilon.
  4056 | D:4      | Slain by an orc

Vault maps used:
D:1:      onia_arrival_mini_spirals
D:3:      grunt_temple_overflow_octagram, first_bread, uniq_crazy_yiuf_cottage
D:4:      lemuel_round_altar, tso_oasis_becter

Skill      XL: |  1  2  3  4  5  6 |
---------------+-------------------+-----
Axes           | 5 6 7 8 10 | 10.3
Fighting       | |  2.4
Throwing       | |  1.7
Dodging        | |  2.4

Action                   |  1- 3 |  4- 6 |  7- 9 || total
-------------------------+-------+-------+-------++-------
Melee: War axe           |    84 |   152 |    12 ||   248
Invok: Convert to Beogh  |       |     1 |       ||     1
 Stab: Sleeping          |     1 |       |       ||     1
  Eat: Chunk             |     1 |     4 |     1 ||     6
       Royal jelly       |       |     2 |       ||     2
Armor: Leather armour    |    33 |    24 |     8 ||    65
Dodge: Dodged            |    68 |    82 |    17 ||   167
